 Dungeon Crawl Stone Soup version 0.12.2-15-gdabe59b (console) character file.

429 rj555 the Shield-Bearer (level 5, 0/42 HPs)
             Began as a Merfolk Fighter on Aug 14, 2013.
             Was a Follower of Makhleb.
             Slain by a gnoll
             ... wielding a +0,+0 spear
              (9 damage)
             ... on Level 4 of the Dungeon.
             The game lasted 00:15:12 (3483 turns).

rj555 the Shield-Bearer (Merfolk Fighter)           Turns: 3483, Time: 00:15:12

HP   0/42        AC  6     Str 17      XL: 5   Next: 92%
MP   4/4         EV  7     Int  8      God: Makhleb [*.....]
Gold 215         SH 19     Dex 13      Spells:  0 memorised,  4 levels left

Res.Fire  : . . .   See Invis. : .   y - +2,+3 orc morningstar
Res.Cold  : . . .   Warding    : .   z - +1 orc ring mail
Life Prot.: . . .   Conserve   : .   c - +0 shield
Res.Poison: .       Res.Corr.  : .   (no helmet)
Res.Elec. : .       Clarity    : .   (no cloak)
Sust.Abil.: . .     Spirit.Shd : .   (no gloves)
Res.Mut.  : .       Stasis     : .   (no boots)
Res.Rott. : .       Ctrl.Telep.: .   (no amulet)
Saprovore : . . .   Flight     : .   (no ring)
                                     (no ring)

@: slightly resistant to hostile enchantments, very unstealthy
A: change form in water, swift swim
a: Renounce Religion


You were on level 4 of the Dungeon.
You worshipped Makhleb.
Makhleb was most pleased with you.
You were not hungry.

You visited 1 branch of the dungeon, and saw 4 of its levels.

You collected 195 gold pieces.

Inventory:

Hand weapons
 a - a +0,+0 mace
 y - a +2,+3 orcish morningstar (weapon)
Armour
 b - a +0 scale mail
 c - a +0 shield (worn)
 z - a +1 orcish ring mail (worn)
Magical devices
 w - a wand of polymorph (14) {unknown}
Comestibles
 d - 2 bread rations
 p - an apple
 t - 5 strawberries
 A - an apricot
Scrolls
 e - 3 scrolls of remove curse {unknown}
 f - a scroll of curse weapon {unknown}
 i - a scroll of fear {unknown}
 m - 2 scrolls of curse armour {unknown}
 n - 2 scrolls of teleportation {unknown}
 o - 3 scrolls of identify {unknown}
 q - 2 scrolls of blinking {unknown}
 B - a scroll of noise {unknown}
 C - a scroll of curse jewellery {unknown}
Jewellery
 x - an uncursed ring of protection from cold {unknown}
Potions
 g - a potion of might {unknown}
 h - 2 potions of speed {unknown}
 k - a potion of confusion {unknown}
 l - a potion of resistance {unknown}
 r - a potion of paralysis {unknown}
 s - 2 potions of heal wounds {unknown}
 u - a potion of flight {unknown}
 v - a potion of magic {unknown}


   Skills:
 + Level 3.9 Fighting
 + Level 2.4 Maces & Flails
 + Level 3.2 Armour
 + Level 2.5 Dodging
 + Level 0.2 Stealth
 + Level 3.9 Shields
 + Level 0.1 Traps


You had 4 spell levels left.
You didn't know any spells.

Dungeon Overview and Level Annotations

Branches:
Dungeon (4/27)
 Temple: D:4-7

Altars:
Makhleb
Yredelemnul
Zin


Message History

The gnoll hits you with a spear. The hobgoblin hits you with a club.
* * * LOW HITPOINT WARNING * * *
Nothing appears to happen.
The gnoll completely misses you. You block the gnoll's attack.
The gnoll hits you.
* * * LOW HITPOINT WARNING * * *
You block the gnoll's attack.
The hobgoblin hits you but does no damage.
You block the gnoll's attack. The gnoll hits you with a club.
* * * LOW HITPOINT WARNING * * *
You block the gnoll's attack. You block the gnoll's attack.
The hobgoblin hits you with a club.
* * * LOW HITPOINT WARNING * * *
The gnoll hits you.
* * * LOW HITPOINT WARNING * * *
The hobgoblin barely misses you. The gnoll hits you but does no damage.
The gnoll hits you from afar with a spear!
You die...

## ####.## ..###.#
##.#...## ..
#..#....##.......# #.
#......##.......##
..##......#.........#.##
...##.#.......ggg......#
...#..........gg@.....##
.......................#
...............#....#.##
.......................#
..........%............#
.......................#
.................#.....#
.......................#
....................#.##


You could see 4 gnolls and a hobgoblin.

Vanquished Creatures
  An orc priest (D:3)
  A scorpion (D:4)
  6 adders
  A gnoll (D:1)
  A human (D:3)
  A bat skeleton (D:4)
  3 giant geckos (D:2)
  7 orcs (D:3)
  2 ball pythons
  14 bats
  4 hobgoblins
  6 jackals (D:3)
  4 kobolds
  2 quokkas
  4 giant cockroaches
  9 giant newts
  9 goblins
  A goblin skeleton (D:3)
  A hobgoblin skeleton (D:4)
  A kobold skeleton (D:4)
  A kobold zombie (D:3)
  6 rats
85 creatures vanquished.

Vanquished Creatures (others)
  A giant newt (D:3)
1 creature vanquished.

Grand Total: 86 creatures vanquished

Notes
Turn   | Place    | Note
--------------------------------------------------------------
     0 | D:1      | rj555, the Merfolk Fighter, began the quest for the Orb.
     0 | D:1      | Reached XP level 1. HP: 18/18 MP: 0/0
   139 | D:1      | Reached XP level 2. HP: 10/24 MP: 1/1
   831 | D:2      | Reached skill level 1 in Dodging
   832 | D:2      | Reached XP level 3. HP: 28/30 MP: 2/2
  1001 | D:2      | Found a glowing silver altar of Zin.
  1342 | D:2      | Reached XP level 4. HP: 36/36 MP: 3/3
  1363 | D:2      | Found a burning altar of Makhleb.
  1413 | D:2      | Became a worshipper of Makhleb the Destroyer
  1916 | D:3      | Found a basalt altar of Yredelemnul.
  2401 | D:3      | Reached XP level 5. HP: 7/42 MP: 4/4
  3002 | D:3      | Acquired Makhleb's first power
  3483 | D:4      | Slain by a gnoll

Action                   |  1- 3 |  4- 6 || total
-------------------------+-------+-------++-------
Melee: Mace              |   135 |   126 ||   261
       Morningstar       |       |    46 ||    46
  Use: Scroll            |       |     2 ||     2
